 Dungeon Crawl Stone Soup version 0.29.0-11-gd7f09526c8 (webtiles) character file.

Game seed: 3210177931379766728

164323 robertstho the Wrestler (level 17, 0/95 HPs)
             Began as a Vine Stalker Berserker on Sept 2, 2022.
             Was a High Priest of Trog.
             Slain by a wolf spider (8 damage)
             ... on level 1 of the Spider Nest on Sept 6, 2022.
             The game lasted 00:43:44 (22656 turns).

robertstho the Wrestler (Vine Stalker Berserker)   Turns: 22656, Time: 00:43:46

Health: 0/95       AC: 27    Str: 26 (27) XL:     17   Next: 85%
Magic:  0/27       EV: 10    Int:  7      God:    Trog [*****.]
Gold:   3100       SH:  0    Dex: 13 (15) Spells: 16/16 levels left

rFire   . . .      SeeInvis +     - Unarmed
rCold   x . .      Faith    .   (no shield)
rNeg    . . .      Spirit   +   I - +2 plate armour of the Game Afoot {Rampage rPois rC-}
rPois   +          Reflect  .   Q - +2 hat {Will+}
rElec   .          Harm     .   e - +2 cloak
rCorr   .          Rampage  +   g - +0 pair of gloves
Will    +++..                   h - +1 pair of boots
Stlth   ..........              n - amulet of magic regeneration
HPRegen 1.05/turn               M - ring of magical power
MPRegen 0.60/turn               w - ring of see invisible

@: on berserk cooldown, slowed, very slow
A: fangs 3, regeneration 1, magic shield, antimagic bite, no potion heal 2
a: Renounce Religion, Berserk, Trog's Hand, Brothers in Arms


You were on level 1 of the Spider Nest.
You worshipped Trog.
Trog was extremely pleased with you.
You visited 4 branches of the dungeon, and saw 23 of its levels.
You also visited: Ice Cave and Volcano.

You collected 4006 gold pieces.
You spent 906 gold pieces at shops.

Inventory:

Hand Weapons
 V - the +11 quarterstaff of Attainder {vorpal, rElec Str+3 Dex+3}
   (You took it off a centaur warrior on level 15 of the Dungeon)

   It inflicts extra damage upon your enemies.
   Str:       It affects your strength (+3).
   Dex:       It affects your dexterity (+3).
   rElec:     It insulates you from electricity.
Missiles
 y - 2 throwing nets (quivered)
Armour
 e - a +2 cloak (worn)
 g - a +0 pair of gloves (worn)
 h - a +1 pair of boots (worn)
 v - a +2 plate armour of cold resistance
 I - the +2 plate armour of the Game Afoot (worn) {Rampage rPois rC-}
   (You found it on level 9 of the Dungeon)

   rC:        It makes you vulnerable to cold.
   rPois:     It protects you from poison.
   Rampage:   It bestows one free step when moving towards enemies.
 L - +0 fire dragon scales
 Q - a +2 hat of willpower (worn)
 R - the +2 chain mail "Deaphod" {rC++ Str+5}
   (You found it on level 3 of the Lair of Beasts)

   Str:       It affects your strength (+5).
   rC:        It greatly protects you from cold.
 X - a +0 kite shield
Jewellery
 f - a +4 ring of evasion
 j - an amulet of the acrobat
 n - an amulet of magic regeneration (around neck)
 o - a ring of poison resistance
 w - a ring of see invisible (right hand)
 C - a ring of flight
 F - a ring of positive energy
 G - a ring of willpower
 M - a ring of magical power (left hand)
 P - a +6 ring of intelligence
 U - a ring of positive energy
 W - a ring of willpower
Wands
 s - a wand of roots (24)
 B - a wand of mindburst (26)
 D - a wand of acid (18)
 H - a wand of paralysis (14)
Scrolls
 a - 4 scrolls of enchant armour
 c - 2 scrolls of identify
 i - 3 scrolls of vulnerability
 l - 5 scrolls of fog
 r - 5 scrolls of teleportation
 t - 3 scrolls of immolation
 u - a scroll of summoning
 x - 2 scrolls of blinking
 A - 3 scrolls of poison
 J - a scroll of magic mapping
 N - a scroll of silence
 T - a scroll of brand weapon
Potions
 b - 5 potions of lignification
 k - 5 potions of flight
 m - a potion of cancellation
 p - 2 potions of might
 q - 4 potions of resistance
 z - 8 potions of attraction
 E - 3 potions of magic
 K - 3 potions of mutation
 O - 6 potions of curing
 S - 7 potions of ambrosia


   Skills:
 * Level 13.2 Fighting
 + Level 13.2 Armour
 + Level 6.4 Dodging
 + Level 3.1 Stealth
 + Level 21.1 Unarmed Combat
 + Level 0.3 Evocations


You had 16 spell levels left.
You didn't know any spells.
Your spell library was empty.

Dungeon Overview and Level Annotations

Branches:
Dungeon (15/15)            Temple (0/1) D:6            Lair (5/5) D:8
 Shoals (0/4) Lair:3       Spider (1/4) Lair:2        Slime (0/5) Lair:4
    Orc (2/2) D:10         Vaults (0/5) D:13         Depths (0/4) D:15
  IceCv (visited)         Volcano (visited)
    Elf: Orc:2

Altars:
Ashenzari
Fedhas
Gozag
Hepliaklqana
Makhleb
Nemelex Xobeh
Okawaru
Ru
Trog
Yredelemnul

Shops:
D:2 *   D:6 [:[*   Orc:2 (?:?*

Annotations:
Lair:3 1 runed translucent door, Loywebes's ghost, journeyman MiFi


Innate Abilities, Weirdness & Mutations

You have razor-sharp teeth.
Your natural rate of healing is unusually fast.
When hurt, damage is shared between your health and your magic reserves.
Your bite disrupts and absorbs the magic of your enemies.
Potions cannot restore your health.


Message History

The redback is lightly wounded.
The redback bites you but does no damage.
The wolf spider hits you.
The wolf spider bites you but does no damage.
You pummel the redback!!
You kill the redback!
Trog accepts your kill.
The jumping spider leaps!
The culicivora closely misses you. The culicivora bites you.
The culicivora draws strength from your injuries!
You pummel the culicivora!! Your bite misses the culicivora.
The culicivora is severely wounded.
The wolf spider hits you! The wolf spider bites you!
* * * LOW HITPOINT WARNING * * *
The culicivora barely misses you.
You closely miss the culicivora.
The culicivora is severely wounded.
The culicivora bites you but does no damage.
You barely miss the culicivora. You punch the culicivora!
Your bite misses the culicivora.
The culicivora is almost dead.
You are no longer berserk.
You are exhausted.
You feel yourself slow down. The culicivora completely misses you.
The jumping spider leaps!
The culicivora bites you but does no damage.
You closely miss the culicivora. Your punch misses the culicivora.
You bite the culicivora!
You kill the culicivora!
Trog accepts your kill. The wolf spider hits you!
* * * LOW HITPOINT WARNING * * *
The wolf spider barely misses you. The culicivora bites you.
* * * LOW HITPOINT WARNING * * *
The culicivora draws strength from your injuries!
The culicivora bites you!
* * * LOW HITPOINT WARNING * * *
The culicivora draws strength from your injuries!
The jumping spider leaps!
The wolf spider hits you!
You die...

#...........#
##.°......#..#
#...#!...°...##.°
#..$..s.#....)...
#.......†....#..
#####....○....!..
##○#°.......#
#†sss..#.....
##@sB........
###s.#..#..#
#####.^##. #..#
#..


You could see a boulder beetle, a wolf spider, 4 culicivoras and a jumping
spider.

Vanquished Creatures
  Rupert (D:12)
  Gastronok (Lair:2)
  A sphinx (D:13)
  A frost giant (D:13)
  A ghost moth (Lair:2)
  Nessos (D:13)
  A white draconian (IceCv)
  A red draconian (Volcano)
  Snorg (Lair:3)
  An ettin (D:15)
  A fire dragon (D:13)
  Josephine (D:15)
  Erolcha (Orc:1)
  6 hydras
  4 boulder beetles
  An ogre mage (D:15)
  5 centaur warriors
  4 catoblepae
  2 death knights (D:14)
  7 two-headed ogres
  15 death yaks
  2 tengu warriors (D:15)
  Urug (D:13)
  3 slime creatures (D:13)
  6 orc high priests
  2 deep trolls (D:15)
  12 skeletal warriors
  An orb spider (Spider:1)
  2 wizards
  5 orc knights (Orc:2)
  A deep elf pyromancer (D:9)
  A lindwurm (Lair:5)
  Pikel (D:8)
  A necromancer (D:15)
  7 manticores
  A wolf spider (Spider:1)
  6 cyclopes
  An orc sorcerer (Orc:2)
  10 ugly things
  2 ice statues (IceCv)
  7 black mambas
  10 centaur zombies (D:11)
  Joseph (D:7)
  14 elephants
  A black mamba (shapeshifter) (D:14)
  2 torpor snails
  A gargoyle (D:11)
  13 cane toads
  5 rime drakes
  3 komodo dragons
  A yaktaur (Volcano)
  2 freezing wraiths (D:14)
  3 demonic crawlers (Spider:1)
  2 polar bears
  5 trolls
  A queen bee (D:14)
  3 meliai (D:14)
  A wind drake (Lair:3)
  Grinder (D:3)
  A tarantella (Spider:1)
  2 hornets
  A meliai zombie (D:11)
  13 blink frogs
  3 dream sheep
  7 jumping spiders
  Sigmund (D:3)
  2 vampires
  5 shadows
  3 culicivoras (Spider:1)
  9 wraiths
  57 yaks
  5 wyverns
  A hog (shapeshifter) (D:13)
  Eustachio (D:6)
  4 basilisks
  4 redbacks
  16 humans (D:13)
  A steam dragon (D:9)
  A death yak simulacrum (Orc:1)
  16 vampire mosquitoes
  Menkaure (D:4)
  An acid dragon (D:6)
  2 wargs (Orc:1)
  12 water moccasins
  30 orc warriors
  An ice beast (D:7)
  3 sky beasts
  6 ogres
  9 wolves
  2 phantoms (D:10)
  24 centaurs
  2 kobold brigands
  7 bullfrogs
  A two-headed ogre simulacrum (Orc:1)
  2 necrophages
  A cane toad simulacrum (Orc:1)
  5 wights (D:4)
  27 killer bees
  3 lindwurm simulacra (IceCv)
  A howler monkey (D:4)
  2 electric eels (Lair:5)
  9 komodo dragon simulacra (IceCv)
  27 orc priests
  3 hounds
  6 jellies
  Crazy Yiuf (D:5)
  3 gnoll boudas
  3 iguanas
  Ijyb (D:5)
  15 orc wizards
  A boggart zombie (D:11)
  A troll simulacrum (Orc:1)
  A spriggan simulacrum (Orc:1)
  A wolf simulacrum (Orc:1)
  6 ogre zombies (D:10)
  Robin (D:3)
  15 gnolls
  4 acid dragon simulacra (IceCv)
  11 adders
  2 naga simulacra (Orc:1)
  2 shadow imps (D:7)
  2 white imps
  5 steam dragon simulacra (IceCv)
  3 worms
  4 dart slugs
  81 orcs
  6 ball pythons
  14 bats
  11 endoplasms
  5 giant cockroaches
  11 goblins
  11 hobgoblins
  4 jackals
  5 quokkas
  12 frilled lizards
  3 goblin skeletons (D:10)
  4 goblin zombies (D:10)
  2 hobgoblin skeletons (D:10)
  2 hobgoblin zombies (D:10)
  9 kobolds
  An orc skeleton (D:10)
  7 orc zombies (D:10)
  4 rats
812 creatures vanquished.

Vanquished Creatures (collateral kills)
  3 death yaks (Lair:4)
  An elephant (Lair:3)
  A cane toad (Lair:3)
  A demonic crawler (Spider:1)
  A komodo dragon (Lair:3)
  4 slime creatures (D:13)
  5 dream sheep (Lair:4)
  A jumping spider (Spider:1)
  A yak (Lair:4)
  A water moccasin (Lair:4)
  An orc warrior (Orc:2)
  3 orc priests (Orc:2)
  2 orc wizards (D:13)
  3 orcs
28 creatures vanquished.

Vanquished Creatures (others)
  15 fungi
  38 plants
53 creatures vanquished.

Grand Total: 893 creatures vanquished

Notes
Turn   | Place    | Note
-------+----------+-------------------------------------------
     0 | D:1      | robertstho the Vine Stalker Berserker began the quest for
                  | the Orb.
     0 | D:1      | Reached XP level 1. HP: 11/11 MP: 2/2
   312 | D:1      | Reached XP level 2. HP: 16/16 MP: 3/3
   687 | D:2      | Reached XP level 3. HP: 14/20 MP: 2/4
  1266 | D:2      | Gained mutation: Your natural rate of healing is unusually
                  | fast. [Vine Stalker growth]
  1266 | D:2      | Reached XP level 4. HP: 25/25 MP: 5/5
  1352 | D:2      | Reached ** piety under Trog
  1355 | D:2      | Found Palira Fyny's Assorted Antiques.
  1483 | D:2      | Found a faded altar of an unknown god.
  1684 | D:3      | Noticed Sigmund
  1695 | D:3      | Killed Sigmund
  1696 | D:3      | Reached skill level 4 in Unarmed Combat
  1696 | D:3      | Reached XP level 5. HP: 29/29 MP: 6/6
  1696 | D:3      | Reached XP level 6. HP: 33/33 MP: 7/7
  1748 | D:3      | Noticed Grinder
  1758 | D:3      | Killed Grinder
  1759 | D:3      | Reached skill level 5 in Unarmed Combat
  1759 | D:3      | Reached XP level 7. HP: 38/38 MP: 8/8
  1791 | D:3      | Noticed Robin
  1809 | D:3      | Killed Robin
  2075 | D:3      | Reached *** piety under Trog
  2438 | D:4      | Reached skill level 1 in Stealth
  2569 | D:4      | Noticed Menkaure
  2580 | D:4      | Killed Menkaure
  2581 | D:4      | Reached skill level 6 in Unarmed Combat
  2609 | D:4      | Gained mutation: You have razor-sharp teeth. [Vine Stalker
                  | growth]
  2609 | D:4      | Reached XP level 8. HP: 40/42 MP: 6/9
  3054 | D:4      | Reached skill level 5 in Fighting
  3060 | D:4      | Reached skill level 7 in Unarmed Combat
  3196 | D:5      | Entered Level 5 of the Dungeon
  3555 | D:5      | Found an iron altar of Okawaru.
  3559 | D:5      | Noticed Ijyb
  3664 | D:5      | Found a sacrificial altar of Ru.
  3721 | D:5      | Reached **** piety under Trog
  3758 | D:5      | Killed Ijyb
  3798 | D:5      | Found a broken altar of Ashenzari.
  4279 | D:5      | Found a runed translucent door.
  4280 | D:5      | Noticed Crazy Yiuf
  4287 | D:5      | Killed Crazy Yiuf
  4347 | D:6      | Noticed Eustachio
  4347 | D:6      | Found Omifuseg's Antique Armour Shoppe.
  4356 | D:6      | Killed Eustachio
  4369 | D:6      | Bought a pair of glowing boots for 187 gold pieces
  4432 | D:6      | Found Puddahio's Assorted Antiques.
  4440 | D:6      | Bought a large zirconium amulet for 120 gold pieces
  4440 | D:6      | Bought a scroll of identify for 48 gold pieces
  4465 | D:6      | Reached skill level 8 in Unarmed Combat
  4465 | D:6      | Reached XP level 9. HP: 41/47 MP: 10/10
  4698 | D:6      | Found a staircase to the Ecumenical Temple.
  4787 | D:6      | Found Beocowod's Antique Armour Boutique.
  4838 | D:6      | Found Ewaatwyff's Book Boutique.
  5460 | D:7      | Found a burning altar of Makhleb.
  5462 | D:7      | Noticed Joseph
  5473 | D:7      | Killed Joseph
  5474 | D:7      | Reached skill level 5 in Armour
  5474 | D:7      | Reached skill level 9 in Unarmed Combat
  5658 | D:7      | Found an opulent altar of Gozag.
  5924 | D:7      | Reached XP level 10. HP: 51/53 MP: 11/11
  5954 | D:7      | Noticed a two-headed ogre
  5960 | D:7      | Killed a two-headed ogre
  5961 | D:7      | Reached skill level 10 in Unarmed Combat
  5967 | D:7      | Identified the +1 robe of Compression {rC+++ rN+ Str-3}
  6238 | D:8      | Noticed a death yak
  6239 | D:8      | Noticed a death yak
  6241 | D:8      | Noticed a death yak
  6242 | D:8      | Noticed a death yak
  6242 | D:8      | Noticed a death yak
  6247 | D:8      | Noticed a death yak
  6268 | D:8      | Noticed a death yak
  6271 | D:8      | Killed a death yak
  6286 | D:8      | Killed a death yak
  6287 | D:8      | Reached skill level 11 in Unarmed Combat
  6299 | D:8      | Killed a death yak
  6300 | D:8      | Reached XP level 11. HP: 45/58 MP: 12/12
  6315 | D:8      | Killed a death yak
  6322 | D:8      | Killed a death yak
  6331 | D:8      | Killed a death yak
  6332 | D:8      | Reached skill level 5 in Dodging
  6332 | D:8      | Reached skill level 12 in Unarmed Combat
  6343 | D:8      | Killed a death yak
  6382 | D:8      | Found a staircase to the Lair.
  6420 | D:8      | Found a bloodstained altar of Trog.
  6503 | D:8      | Found a sparkling altar of Nemelex Xobeh.
  6712 | D:8      | Reached ***** piety under Trog
  6725 | D:8      | Noticed a boulder beetle
  6741 | D:8      | Killed a boulder beetle
  6802 | D:8      | Found a hazy altar of Hepliaklqana.
  6821 | D:8      | Noticed Pikel
  6828 | D:8      | Killed Pikel
  7149 | D:9      | Noticed a deep elf pyromancer
  7156 | D:9      | Killed a deep elf pyromancer
  7224 | D:9      | Identified the +2 plate armour of the Game Afoot {Rampage
                  | rPois rC-}
  8271 | D:10     | Entered Level 10 of the Dungeon
  8404 | D:10     | Reached skill level 13 in Unarmed Combat
  8417 | D:10     | Noticed a five-headed hydra
  8425 | D:10     | Killed a five-headed hydra
  8503 | D:10     | Found a staircase to the Orcish Mines.
  8520 | D:10     | Reached XP level 12. HP: 65/65 MP: 13/13
  8544 | D:10     | Received a gift from Trog
  9274 | Lair:1   | Entered Level 1 of the Lair of Beasts
  9912 | Lair:1   | Reached skill level 14 in Unarmed Combat
 10048 | Lair:2   | Noticed a boulder beetle
 10066 | Lair:2   | Killed a boulder beetle
 10185 | Lair:2   | Found a hole to the Spider Nest.
 10489 | Lair:2   | Noticed Gastronok
 10502 | Lair:2   | Killed Gastronok
 10850 | Lair:3   | Noticed Snorg
 10867 | Lair:3   | Killed Snorg
 10960 | Lair:3   | Reached skill level 15 in Unarmed Combat
 10960 | Lair:3   | Reached XP level 13. HP: 39/70 MP: 14/14
 11144 | Lair:3   | Found a staircase to the Shoals.
 11167 | Lair:3   | Received a gift from Trog
 11567 | Lair:3   | Identified the +2 chain mail "Deaphod" {rC++ Str+5}
 11585 | Lair:3   | Found a runed translucent door.
 11588 | Lair:3   | Noticed Loywebes's ghost (journeyman MiFi)
 11589 | Lair:3   | Identified the +8 spear of Bodily Harmony {drain, Int+6}
 12205 | Lair:4   | Reached skill level 10 in Fighting
 12309 | Lair:4   | Reached skill level 16 in Unarmed Combat
 12333 | Lair:4   | Reached skill level 10 in Armour
 12365 | Lair:4   | Found a dark tunnel.
 12392 | Volcano  | Entered a volcano
 12419 | Volcano  | Found a burning altar of Makhleb.
 12420 | Volcano  | Noticed a red draconian
 12432 | Volcano  | Reached XP level 14. HP: 39/77 MP: 13/15
 12456 | Volcano  | Killed a red draconian
 12964 | Lair:4   | Found a runed translucent door.
 13316 | Lair:4   | Found a staircase to the Slime Pits.
 13388 | Lair:5   | Entered Level 5 of the Lair of Beasts
 13828 | Lair:5   | Reached skill level 17 in Unarmed Combat
 13863 | Lair:5   | Received a gift from Trog
 15437 | Orc:1    | Entered Level 1 of the Orcish Mines
 15437 | Orc:1    | Noticed Erolcha
 15446 | Orc:1    | Killed Erolcha
 15576 | Orc:1    | Found a frozen archway.
 15588 | IceCv    | Entered an ice cave
 15998 | IceCv    | Reached XP level 15. HP: 81/83 MP: 16/16
 16163 | IceCv    | Reached skill level 18 in Unarmed Combat
 16796 | Orc:2    | Entered Level 2 of the Orcish Mines
 16890 | Orc:2    | Found Ysimiogun's Gadget Gallery.
 17015 | Orc:2    | HP: 4/81 [orc warrior/bolt (8)]
 17030 | Orc:2    | Identified a scroll of acquirement
 17030 | Orc:2    | Acquired 819 gold pieces
 17133 | Orc:2    | Received a gift from Trog
 17493 | Orc:2    | Found Biabu's Magic Scroll Shoppe.
 17496 | Orc:2    | Found Heog's Magic Scroll Shoppe.
 17497 | Orc:2    | Found Huoson's Antique Weapon Shoppe.
 17498 | Orc:2    | Found Taizijued's Book Emporium.
 17502 | Orc:2    | Bought 3 scrolls of immolation for 180 gold pieces
 17502 | Orc:2    | Bought a scroll of identify for 30 gold pieces
 17502 | Orc:2    | Bought a scroll of identify for 30 gold pieces
 17502 | Orc:2    | Bought a scroll of teleportation for 45 gold pieces
 17505 | Orc:2    | Bought a scroll of identify for 28 gold pieces
 17505 | Orc:2    | Bought a scroll of blinking for 105 gold pieces
 17505 | Orc:2    | Bought a scroll of silence for 133 gold pieces
 17810 | D:11     | Found a basalt altar of Yredelemnul.
 17830 | D:11     | Received a gift from Trog
 17843 | D:11     | Reached skill level 19 in Unarmed Combat
 18823 | D:12     | Identified the +3 leather armour of the Slorg {rC- rN+
                  | Str+6}
 18930 | D:12     | Noticed Rupert
 18937 | D:12     | Killed Rupert
 19431 | D:13     | Noticed Nessos
 19431 | D:13     | Noticed Urug
 19431 | D:13     | Found a gate to the Vaults.
 19446 | D:13     | Killed Nessos
 19464 | D:13     | Killed Urug
 19645 | D:13     | Reached XP level 16. HP: 74/88 MP: 17/17
 19957 | D:13     | Reached skill level 20 in Unarmed Combat
 19957 | D:13     | Reached XP level 17. HP: 94/94 MP: 18/18
 20148 | D:14     | Received a gift from Trog
 20226 | D:14     | Reached ****** piety under Trog
 20936 | D:15     | Entered Level 15 of the Dungeon
 20989 | D:13     | Noticed a sphinx
 20997 | D:13     | Killed a sphinx
 21407 | D:15     | HP: 7/141 [two-headed ogre/+0 dire flail (5)]
 21580 | D:15     | Noticed Josephine
 21587 | D:15     | Killed Josephine
 21646 | D:15     | Identified the +11 quarterstaff of Attainder {vorpal, rElec
                  | Str+3 Dex+3}
 21812 | D:15     | Received a gift from Trog
 21914 | D:15     | Reached skill level 21 in Unarmed Combat
 22070 | D:15     | Found a staircase to the Depths.
 22107 | D:15     | Found a blossoming altar of Fedhas.
 22394 | Spider:1 | Entered Level 1 of the Spider Nest
 22656 | Spider:1 | Slain by a wolf spider

Illustrated notes

Levels and vault maps discovered:
D:1:      dpeg_arrival_snail, layout_basic
D:2:      layout_rooms, shapermc_ecumenical_altar_pompeii, serial_shops,
          nicolae_shop_advertising_works [nicolae_subvault_shop_adworks],
          minmay_increasing_density
D:3:      layout_rooms, serial_rivers, chequers_serial_rivers_room_a,
          chequers_serial_rivers_large_b, chequers_serial_rivers_micro_a,
          chequers_serial_rivers_micro_b, minmay_lizard_king, uniq_grinder,
          uniq_sigmund, uniq_robin
D:4:      layout_gridville, uniq_menkaure
D:5:      layout_basic, nicolae_overflow_crystal_walls, ashenzari_altar_1,
          amcnicky_altar_gilded, kennysheep_generic_room_8, uniq_ijyb,
          uniq_crazy_yiuf_cottage
D:6:      layout_basic, minmay_temple_entry_enclosed_plants, serial_shops, shop,
          nicolae_shop_hallway_stairs, nicolae_stop_n_shop_1, kennysheep_mini,
          hangedman_decor_push, uniq_eustachio
D:7:      kennysheep_windowed_halls, layout_loops_corners,
          mainiacjoe_overflow_cross_hatched, mainiacjoe_overflow_alcove_1,
          uniq_joseph
D:8:      layout_basic, nemelex_spade_bored_becter,
          mainiacjoe_overflow_alcove_4, mainiacjoe_overflow_brackets,
          dpeg_lair_monsters, hangedman_decor_riveting, uniq_pikel
D:9:      layout_layer_cave
D:10:     layout_cave_pods, zombieorc1_lemuel
D:11:     layout_basic, nicolae_yredelemnul_corpse_copse
D:12:     layout_roguey, uniq_rupert
D:13:     minmay_diamond_stairs, layout_rooms, david_vaults_3
D:14:     layout_long_grid, special_room [special_room_bee], glass_columns_a
D:15:     hangedman_depths_entry_civil_slaughter, layout_basic, fedhas_altar_4,
          uniq_josephine
Lair:1:   layout_concentric_octagons
Lair:2:   layout_chaotic_city, spider_nest_entry_funnel_web, uniq_gastronok
Lair:3:   layout_cave_pods, minmay_shoals_entry_beasts,
          ebering_ghost_funeral_grove, uniq_snorg
Lair:4:   layout_small_grid, slime_entry_2, nicolae_volcano_entry_two_sided
Lair:5:   hangedman_lair_in_review, layout_gridlike, serial_bayou_shore_a
Spider:1: layout_spider_delve, hive_lemuel
Orc:1:    layout_caves, portal_ice_cave_entry_ice_simulacra,
          kennysheep_orc_chapel, uniq_erolcha
Orc:2:    st_orc_pillars, layout_caves, nicolae_shop_gadgets

Skill      XL: |  1  2  3  4  5  6  7  8  9 10 11 12 13 14 15 16 17 |
---------------+----------------------------------------------------+-----
Fighting       | 3 4 5 6 7 8 9 10 11 12 13 | 13.2
Dodging        | 2 3 4 5 6 |  6.4
Armour         | 2 3 4 5 6 7 8 10 11 12 13 | 13.2
Unarmed Combat | 4 5 6 8 9 11 13 15 16 17 19 20 21 | 21.1
Stealth        | 1 2 3 |  3.1
Evocations     | |  0.3

Action                   |  1- 3 |  4- 6 |  7- 9 | 10-12 | 13-15 | 16-18 || total
-------------------------+-------+-------+-------+-------+-------+-------++-------
Melee: Unarmed           |    96 |    60 |   365 |   543 |  1003 |   394 ||  2461
       Bite              |    23 |    14 |    97 |   197 |   396 |   145 ||   872
       Punch             |     4 |     2 |    21 |    47 |   116 |    49 ||   239
Invok: Berserk           |     1 |     2 |     7 |     6 |    14 |    12 ||    42
       Brothers in Arms  |       |       |       |     2 |     4 |     2 ||     8
Evoke: Wand              |       |       |       |     2 |     1 |       ||     3
  Use: Scroll            |       |     3 |     5 |     7 |    17 |     4 ||    36
       Potion            |       |       |       |     1 |     1 |     2 ||     4
 Stab: Sleeping          |     1 |       |       |       |       |       ||     1
       Distracted        |       |       |     1 |       |       |       ||     1
       Petrifying        |       |       |       |       |     1 |       ||     1
       Invisible         |       |       |       |       |       |     2 ||     2
Armor: Animal skin       |     4 |       |       |       |       |       ||     4
       Ring mail         |    26 |    15 |    49 |       |       |       ||    90
       Scale mail        |       |       |    58 |    79 |       |       ||   137
       Plate armour      |       |       |       |   153 |   688 |   438 ||  1279
       Chain mail        |       |       |       |       |    25 |       ||    25
Dodge: Dodged            |    93 |    31 |   312 |   293 |   450 |   267 ||  1446
